 Dungeon Crawl Stone Soup version 0.17-a0-1830-g81820eb (webtiles) character file.

11541 Stormsson the Basher (level 11, -4/101 HPs)
             Began as a Minotaur Berserker on Sept 13, 2015.
             Was a High Priest of Trog.
             Slain by a centaur warrior (10 damage)
             ... on level 11 of the Dungeon.
             The game lasted 01:01:50 (9827 turns).

Stormsson the Basher (Minotaur Berserker)           Turns: 9827, Time: 01:01:51

Health: -4/101     AC: 19    Str: 30    XL:     11   Next: 50%
Magic:  7/7        EV: 14    Int:  4    God:    Trog [*****.]
Gold:   768        SH:  0    Dex: 10    Spells: 0 memorised, 10 levels left

rFire  . . .     SeeInvis .     m - +2 morningstar (protect)
rCold  + . .     Clarity  +     H - +0 scale mail
rNeg   . . .     SustAt   .     (no shield)
rPois  .         Gourm    .     (helmet restricted)
rElec  .         Spirit   .     o - +1 cloak
rCorr  .         Warding  .     h - +0 pair of gloves
rMut   .         Stasis   .     q - +1 pair of boots
MR     .....                    f - amulet of clarity
Stlth  ..........               (no ring)
                                (no ring)

@: mighty, exhausted, very slightly contaminated, slowed, very slow, not
resistant to hostile enchantments, extremely unstealthy
A: retaliatory headbutt, horns 2, cold resistance 1, low mp 2
a: Burn Spellbooks, Berserk, Trog's Hand, Brothers in Arms, Renounce Religion


You were on level 11 of the Dungeon.
You worshipped Trog.
Trog was extremely pleased with you.
You were not hungry.

You visited 1 branch of the dungeon, and saw 11 of its levels.
You also visited: Bailey.

You collected 768 gold pieces.

Inventory:

Hand weapons
 a - a +1 mace
 m - a +2 morningstar of protection (weapon)
 D - a +0 war axe of chopping
 J - a +1 arbalest of flaming
 M - a +4 hand crossbow of freezing
Missiles
 B - 9 bolts (quivered)
 L - 25 poisoned bolts
Armour
 h - a +0 pair of gloves (worn)
 l - a +0 plate armour
 o - a +1 cloak (worn)
 q - a +1 pair of boots (worn)
 C - a +0 buckler
 G - a +1 troll leather armour
 H - a +0 scale mail (worn)
Jewellery
 f - an amulet of clarity (around neck)
Magical devices
 b - a wand of flame (45)
 t - a wand of confusion (27)
 u - a wand of fireball (6)
Scrolls
 d - 3 scrolls of teleportation
 v - a scroll of recharging
 w - 4 scrolls of remove curse
 x - a scroll of enchant armour
 z - a scroll of fear
 E - 2 scrolls of enchant weapon
 F - a scroll of immolation {unknown}
 I - a scroll of torment {unknown}
Potions
 e - a potion of agility
 i - 4 potions of curing
 j - 2 potions of brilliance
 k - 2 potions of flight
 p - a potion of degeneration {unknown}
 r - a potion of berserk rage {unknown}
 A - a potion of poison {unknown}
Comestibles
 c - 3 bread rations
 g - 5 fruits
 n - 27 royal jellies
 K - 2 meat rations


   Skills:
 + Level 10.7 Fighting
 - Level 3.2(9.0) Axes
 + Level 12.7(12.9) Maces & Flails
 * Level 3.5 Crossbows
 + Level 8.5 Armour
 - Level 9.4 Dodging
 - Level 5.2 Shields


You had 10 spell levels left.
You didn't know any spells.

Dungeon Overview and Level Annotations

Branches:
Dungeon (11/15)            Temple (0/1) D:4            Lair (0/8) D:11
    Orc (0/4) D:11

Altars:
Gozag

Shops:
D:7 *


Innate Abilities, Weirdness & Mutations

You reflexively headbutt those who attack you in melee.
You have a pair of horns on your head.
Your flesh is cold resistant.
Your magical capacity is very low (-20% MP).


Message History

An orc priest opens the door.
There is an open door here.
The centaur warrior shoots an arrow.
The arrow closely misses you.
You see here an arrow.
Drink which item? (? for menu, Esc to quit)
You feel very mighty all of a sudden.
You feel sick.
You are no longer poisoned.
You barely miss the centaur warrior.
The centaur warrior is lightly wounded.
The centaur warrior unwields an uncursed shortbow.
The centaur warrior closely misses you. The centaur warrior hits you!
* * * LOW HITPOINT WARNING * * *
You hit something.
Your scale mail prevents you from hitting the centaur warrior.
You headbutt the centaur warrior!!
The centaur warrior is moderately wounded.
The centaur shoots an arrow.
The arrow hits you but does no damage. The centaur warrior hits you!
You die...

#........#... ##+####.
#........##+#####......)
+.......................
#....................†.<
#.....(...............†#
+..................<..((
#.....(†..†.........(..#
#....o#c##+##'#######+##
#...co'@....#......... +
#....c#.....#......... #
+...)(#.....'......... #
#...({#.....#......... +
#..((.###+####...##(. #
#.)....#...###'### # #
....5....+....#....# +
...........#....#....#
##
...........#....#....#
#.


You could see a centaur warrior, an orc warrior, 2 centaurs and an orc priest.

Vanquished Creatures
  Erolcha (D:7)
  Urug (D:11)
  An orc knight (Bailey)
  A hill giant (D:10)
  2 gargoyles
  A queen bee (D:9)
  Prince Ribbit (D:8)
  Sigmund (D:3)
  A wyvern (D:10)
  2 deep elf magi
  3 hippogriffs (D:9)
  The ghost of Ijustatesigmund the Sneak, an average OpAs (D:3)
  A soldier ant (D:11)
  A water moccasin (D:10)
  The ghost of cireshan the Conjurer, an average DECj (D:4)
  A warg (D:11)
  2 ice beasts (D:5)
  4 phantoms
  A sky beast (D:10)
  A wasp (D:9)
  A black bear (D:8)
  12 orc warriors
  A crocodile (D:8)
  2 ogres
  2 big kobolds
  4 centaurs
  2 giant frogs
  A wyvern skeleton (D:10)
  4 scorpions
  5 wights (D:10)
  33 killer bees
  3 crimson imps
  2 iguanas (D:4)
  2 giant frog skeletons
  8 hounds
  4 jellies
  7 orc wizards
  9 worker ants
  2 orc priests
  Jessica (D:3)
  2 centaur skeletons (D:9)
  Terence (D:3)
  A killer bee zombie (D:10)
  8 adders
  3 shadow imps
  5 oozes (D:9)
  4 worms
  4 giant geckos
  57 orcs
  3 ball pythons
  4 giant cockroaches
  12 goblins
  17 hobgoblins
  5 jackals (D:1)
  3 quokkas
  7 bats
  A giant gecko skeleton (D:6)
  A giant newt (D:1)
  14 kobolds
  A quokka skeleton (D:6)
  6 rats
292 creatures vanquished.

Vanquished Creatures (collateral kills)
  A hill giant (D:10)
  A trapdoor spider (D:11)
  A wyvern (D:11)
  A warg (D:11)
  A big kobold (D:11)
  4 killer bees (D:9)
  2 orc priests (D:11)
  An orc wizard (D:11)
  An adder (D:11)
  2 orcs
  6 kobolds (D:11)
21 creatures vanquished.

Grand Total: 313 creatures vanquished

Notes
Turn   | Place    | Note
--------------------------------------------------------------
     0 | D:1      | Stormsson the Minotaur Berserker began the quest for the Orb.
     0 | D:1      | Reached XP level 1. HP: 19/19 MP: 0/0
   279 | D:1      | Reached XP level 2. HP: 17/27 MP: 1/1
   613 | D:1      | Reached skill level 4 in Fighting
   652 | D:1      | Acquired Trog's second power
   656 | D:1      | Reached XP level 3. HP: 33/33 MP: 2/2
  1246 | D:2      | Gained mutation: Your magical capacity is low (-10% MP). [potion of mutation]
  1246 | D:2      | Gained mutation: Your magical capacity is very low (-20% MP). [potion of mutation]
  1246 | D:2      | Gained mutation: Your flesh is cold resistant. [potion of mutation]
  1691 | D:3      | Reached XP level 4. HP: 33/40 MP: 2/2
  1708 | D:3      | Noticed Ijustatesigmund's ghost (average OpAs)
  1715 | D:3      | Killed Ijustatesigmund's ghost
  1715 | D:3      | Reached skill level 5 in Maces & Flails
  1715 | D:3      | Reached XP level 5. HP: 47/47 MP: 3/3
  1773 | D:3      | Noticed Terence
  1785 | D:3      | Killed Terence
  1790 | D:3      | Reached XP level 6. HP: 37/55 MP: 3/3
  1799 | D:3      | Reached skill level 5 in Fighting
  2129 | D:3      | Noticed Sigmund
  2134 | D:3      | Killed Sigmund
  2134 | D:3      | Reached skill level 6 in Maces & Flails
  2325 | D:3      | Reached XP level 7. HP: 42/61 MP: 4/4
  2341 | D:3      | Noticed Jessica
  2346 | D:3      | Killed Jessica
  2456 | D:3      | Reached skill level 5 in Armour
  2693 | D:4      | Noticed cireshan's ghost (average DECj)
  2708 | D:4      | Killed cireshan's ghost
  2737 | D:4      | Reached skill level 7 in Maces & Flails
  2823 | D:4      | Found a staircase to the Ecumenical Temple.
  2896 | D:4      | Reached skill level 5 in Dodging
  3192 | D:5      | Entered Level 5 of the Dungeon
  3200 | D:5      | Reached XP level 8. HP: 52/70 MP: 5/5
  3442 | D:5      | Acquired Trog's third power
  3442 | D:5      | Reached skill level 8 in Maces & Flails
  4852 | D:6      | Reached skill level 1 in Shields
  5014 | D:7      | Reached skill level 9 in Maces & Flails
  5328 | D:7      | Found Weecup's General Store.
  5455 | D:7      | Reached XP level 9. HP: 77/79 MP: 6/6
  5575 | D:8      | Noticed Erolcha
  5587 | D:7      | Killed Erolcha
  5587 | D:7      | Reached skill level 10 in Maces & Flails
  5587 | D:7      | Reached skill level 5 in Shields
  5831 | D:8      | Found an opulent altar of Gozag.
  5859 | D:8      | Noticed Prince Ribbit
  5883 | D:8      | Killed Prince Ribbit
  5916 | D:8      | Reached skill level 11 in Maces & Flails
  6438 | D:9      | Received a gift from Trog
  6510 | D:9      | Reached XP level 10. HP: 90/90 MP: 7/7
  6535 | D:9      | Reached skill level 1 in Axes
  7363 | D:9      | Reached skill level 12 in Maces & Flails
  7971 | D:10     | Entered Level 10 of the Dungeon
  7993 | D:10     | Reached skill level 10 in Fighting
  8103 | D:10     | Noticed a hill giant
  8110 | D:10     | Killed a hill giant
  8158 | D:10     | Reached XP level 11. HP: 99/99 MP: 7/7
  8387 | D:10     | Noticed a hill giant
  8392 | D:10     | Killed a hill giant
  8587 | D:10     | Found a flagged portal.
  8594 | Bailey   | Entered a bailey
  8653 | Bailey   | Got a crude scale mail
  8961 | Bailey   | Reached skill level 1 in Crossbows
  9565 | D:11     | Found a staircase to the Orcish Mines.
  9572 | D:11     | Found a staircase to the Lair.
  9798 | D:11     | Noticed Urug
  9808 | D:11     | Killed Urug
  9811 | D:11     | Received a gift from Trog
  9814 | D:11     | Noticed a centaur warrior
  9825 | D:11     | HP: 5/101 [centaur warrior (11)]
  9827 | D:11     | Slain by a centaur warrior

Vault maps used:
D:1:      shiori_arrival_oz
D:2:      first_bread, st_stairs_8
D:3:      uniq_terence, uniq_jessica, uniq_sigmund
D:4:      minmay_temple_entry_trees
D:6:      nicolae_water_bricks
D:7:      serial_shops, shop, serial_park_tiny_1, hangedman_decor_opposing
D:8:      grunt_gozag_statues, serial_park_tiny_2, uniq_prince_ribbit1,
          uniq_erolcha
D:9:      hangedman_little_slice_of_home
D:10:     enter_bailey_3
D:11:     lemuel_upstairs_altar, erik_lair_orcish_takeover, orc_0_dummy,
          uniq_urug
Bailey:   bailey_polearm_4, bailey

Action                   |  1- 3 |  4- 6 |  7- 9 | 10-12 || total
-------------------------+-------+-------+-------+-------++-------
Melee: Mace              |    90 |    78 |   339 |   297 ||   804
       Morningstar       |       |       |       |   142 ||   142
 Fire: Arbalest          |       |       |       |    24 ||    24
Invok: Berserk           |     1 |     3 |     5 |     3 ||    12
       Brothers in Arms  |       |       |     1 |     2 ||     3
  Use: Scroll            |     5 |     5 |     8 |     2 ||    20
       Potion            |     6 |       |     3 |     3 ||    12
 Stab: Sleeping          |     1 |       |       |       ||     1
  Eat: Chunk             |     2 |     1 |     7 |     8 ||    18
       Beef jerky        |     1 |       |     1 |     2 ||     4
       Bread ration      |       |     1 |     1 |     1 ||     3
       Meat ration       |       |       |     1 |       ||     1
       Royal jelly       |       |       |     1 |       ||     1
       Fruit             |       |       |       |     1 ||     1
